AoeStats
← Barón de la Cerveza

Arabia

509977563Analyzed
1v1 RM · 4d ago on Sep 28, 2026· 16m 54s· 2 players
Game mode
Random Map
Map size
Tiny (2 player)
Population
200
Speed
Normal
Resources
Standard
Victory
Conquest
Starting age
Dark Age
Ending age
Imperial Age
RankedLock teamsTeams togetherTeam positionsShared explorationLock speedFull tech treeHidden civsTurbo modeCheats
Victory
Defeat
🇲🇽 Teutons · Mexico
1859
+13
🇨🇳 Malay · China
1798
-13
great soup
6:01 Loom
9:05 Feudal Age
10:53 Double-Bit Axe
12:12 Town Watch
16:23 Fletching
Barón de la Cerveza
6:28 Loom
8:56 Feudal Age
9:41 Horse Collar
9:49 Double-Bit Axe
14:55 Fletching
Connection lost

Rejoining the realm…

Still unreachable

The connection could not be restored.

Session expired

The server has moved on; the page needs a fresh start.